[Event "Titled Tuesday Blitz December 13 Early 2022"]
[White "De Souza, Cristiano Gomes"]
[Black "Tarasova, Viktoriya"]
[WhiteFideId "2151758"]
[BlackFideId "4175840"]
[WhiteElo "2068"]
[BlackElo "2182"]
[Result "0-1"]
[Round "05"]
[TimeControl "180+1"]
[Date "2022.12.14"]
[WhiteClock "0:00:19"]
[BlackClock "0:00:13"]

1. d4 Nf6 2. c4 e6 3. Nf3 b6 4. g3 Ba6 5. b3 d5 6. Bg2 Bb4+ 7. Bd2 Bd6 8. Bc3 O-O 9. Nbd2 c5 10. O-O Nc6 11. cxd5 exd5 12. Rc1 Rc8 13. Ba1 Re8 14. Re1 Rc7 15. Qc2 cxd4 16. Qb2 Rxe2 17. Rxe2 Bxe2 18. Nxd4 Nxd4 19. Rxc7 Qxc7 20. Qxd4 Qc1+ 21. Bf1 Bc5 22. Qe5 Bxf2+ 23. Kg2 Bxf1+ 24. Nxf1 Qc8 25. Qg5 d4 26. Qf4 Be3 27. Nxe3 dxe3 28. Bxf6 Qc2+ 29. Kh3 gxf6 30. Qxe3 Qxa2 31. Qh6 Qxb3 32. Qxf6 Qe6+ 33. Qxe6 fxe6 34. Kg2 Kf7 35. Kf2 Kf6 36. Ke2 Kf5 37. Kd3 Kg4 38. Kd4 Kh3 39. Ke5 Kxh2 40. g4 Kh3 41. g5 Kh4 42. Kf6 a5 0-1


[Site "https://www.chess.com"]

[Event "Titled Tuesday Blitz December 13 Early 2022"]
[White "Degenbaev, Aziz"]
[Black "Saravana, Krishnan P."]
[WhiteFideId "13802640"]
[BlackFideId "5018382"]
[WhiteElo "2039"]
[BlackElo "2190"]
[Result "0-1"]
[Round "05"]
[TimeControl "180+1"]
[Date "2022.12.14"]
[WhiteClock "0:01:14"]
[BlackClock "0:01:04"]

1. e4 c6 2. d4 d5 3. e5 c5 4. dxc5 Nc6 5. Nf3 Bg4 6. Be2 e6 7. a3 Bxc5 8. b4 Bxf3 9. Bxf3 Bd4 10. c3 Bxe5 11. O-O Nf6 12. Re1 a6 13. Qd3 Bc7 14. Bg5 O-O 15. Bd1 Ne5 16. Qh3 h6 17. Bh4 Ng6 18. Bc2 Nxh4 19. Qxh4 Rc8 20. Nd2 Bb8 21. Re3 d4 22. Rd3 Rxc3 23. Rxc3 dxc3 24. Nc4 Qc7 25. Rd1 Rd8 26. h3 0-1


[Site "https://www.chess.com"]

[Event "Titled Tuesday Blitz December 13 Early 2022"]
[White "Derjabin, Ilja"]
[Black "Simonovic, Miroslav"]
[WhiteFideId "14104768"]
[BlackFideId "919152"]
[WhiteElo "2309"]
[BlackElo "2057"]
[Result "1-0"]
[Round "05"]
[TimeControl "180+1"]
[Date "2022.12.14"]
[WhiteClock "0:01:25"]
[BlackClock "0:00:02"]

1. d4 Nf6 2. c4 c5 3. d5 b5 4. e4 bxc4 5. e5 Ne4 6. Bxc4 Qa5+ 7. Nd2 Ba6 8. Bxa6 Nxa6 9. Nf3 Nxd2 10. Bxd2 Qb5 11. a4 Qd3 12. Ra3 Qe4+ 13. Re3 Qxd5 14. O-O e6 15. Qe2 Nc7 16. Ba5 Qc6 17. Bxc7 Qxc7 18. Rc1 Rb8 19. Nd4 Be7 20. Nb5 Qb7 21. Rg3 O-O 22. Qg4 g6 23. Rh3 Kg7 24. Qf4 h5 25. Rcc3 a6 26. Rxh5 Rh8 27. Rxh8 Rxh8 28. Nd6 Bxd6 29. Qf6+ Kg8 30. exd6 Qxb2 31. h3 Qa1+ 32. Kh2 Qxa4 33. Rf3 1-0


[Site "https://www.chess.com"]

[Event "Titled Tuesday Blitz December 13 Early 2022"]
[White "Deuer, Marius"]
[Black "Migot, Tangi"]
[WhiteFideId "16236432"]
[BlackFideId "662445"]
[WhiteElo "2226"]
[BlackElo "2585"]
[Result "1-0"]
[Round "05"]
[TimeControl "180+1"]
[Date "2022.12.14"]
[WhiteClock "0:00:36"]
[BlackClock "0:00:31"]

1. c4 b6 2. d4 Bb7 3. Nc3 Nf6 4. Nf3 e6 5. g3 c5 6. d5 exd5 7. cxd5 d6 8. Bg2 g6 9. O-O Bg7 10. e4 O-O 11. Re1 Nbd7 12. Bf4 Ne8 13. Nb5 Ne5 14. Bxe5 dxe5 15. a4 a6 16. Nc3 Nd6 17. Nd2 b5 18. axb5 axb5 19. Qb3 Qd7 20. Bf1 c4 21. Qb4 f5 22. Bg2 Bh6 23. Rxa8 Bxa8 24. Nf3 Nxe4 25. Nxe5 Qa7 26. Nxe4 fxe4 27. Ng4 Bg7 28. Bxe4 Bd4 29. Kg2 Qf7 30. f3 Bxd5 31. Nh6+ 1-0


[Site "https://www.chess.com"]

[Event "Titled Tuesday Blitz December 13 Early 2022"]
[White "Djokic, Mihailo"]
[Black "Rakhmanov, Aleksandr"]
[WhiteFideId "976440"]
[BlackFideId "4173708"]
[WhiteElo "2572"]
[BlackElo "2769"]
[Result "0-1"]
[Round "05"]
[TimeControl "180+1"]
[Date "2022.12.14"]
[WhiteClock "0:01:46"]
[BlackClock "0:01:58"]

1. e4 c5 2. Nf3 Nf6 3. e5 Nd5 4. Nc3 Nxc3 5. bxc3 Nc6 6. d4 d5 7. exd6 Qxd6 8. Be3 cxd4 9. cxd4 Bg4 10. Be2 e6 11. O-O Be7 12. c3 O-O 13. h3 Bh5 14. Nd2 Bxe2 15. Qxe2 Rac8 16. Rfc1 Rfd8 17. Rab1 b6 18. Qa6 Qd7 19. Rb5 Nb8 20. Qa4 a6 21. Rb4 Qxa4 22. Rxa4 b5 23. Ra5 Bb4 24. cxb4 Rxc1+ 25. Kh2 Nc6 26. Rxa6 Nxb4 27. Ne4 Nxa6 28. Bxc1 Rxd4 29. Nc5 Nxc5 0-1


[Site "https://www.chess.com"]

[Event "Titled Tuesday Blitz December 13 Early 2022"]
[White "Domingo Nunez, Ruben"]
[Black "Ingebretsen, Jens E"]
[WhiteFideId "22245570"]
[BlackFideId "1522965"]
[WhiteElo "2406"]
[BlackElo "2213"]
[Result "1-0"]
[Round "05"]
[TimeControl "180+1"]
[Date "2022.12.14"]
[WhiteClock "0:00:10"]
[BlackClock "0:00:15"]

1. b3 b6 2. Bb2 Bb7 3. Nf3 d6 4. d4 f5 5. c4 g6 6. d5 Nf6 7. Ng5 c6 8. Ne6 Qd7 9. Nc3 Na6 10. e4 Nc5 11. exf5 gxf5 12. Nd4 cxd5 13. cxd5 a6 14. Bc4 Rg8 15. O-O Rg5 16. Re1 Nfe4 17. Nc6 b5 18. Nxe4 fxe4 19. Bf1 Bxc6 20. dxc6 Qxc6 21. Rc1 a5 22. a3 Qb7 23. Bd4 Nd3 24. Bxd3 exd3 25. g3 Bg7 26. Bxg7 Rxg7 27. Qxd3 Qd7 28. Qd5 Rd8 29. Rc2 Rf7 30. Rec1 Qf5 31. Qb7 Kf8 32. Qc7 Re8 33. Qxa5 h5 34. Qb4 Qf3 35. Qxb5 h4 36. Qe2 Qxb3 37. Qh5 Rg7 38. Qh8+ Qg8 39. Qxh4 Rg4 40. Qh6+ Kf7 41. Rc3 Rg6 42. Rf3+ Ke6 43. Qe3+ Kd7 44. Qa7+ Ke6 45. Re1+ Kd5 46. Qb7+ Kd4 47. Qb4+ Kd5 48. Rd3+ Kc6 49. Rc3+ Kd7 50. Qb7+ Kd8 51. Qc7# 1-0


[Site "https://www.chess.com"]

[Event "Titled Tuesday Blitz December 13 Early 2022"]
[White "Dong, Bao Nghia"]
[Black "Alexakis, Dimitris"]
[WhiteFideId "12400343"]
[BlackFideId "4277023"]
[WhiteElo "2623"]
[BlackElo "2814"]
[Result "0-1"]
[Round "05"]
[TimeControl "180+1"]
[Date "2022.12.14"]
[WhiteClock "0:00:31"]
[BlackClock "0:00:12"]

1. d4 Nf6 2. c4 e6 3. Nc3 Bb4 4. Qb3 a5 5. e3 b6 6. Nf3 Bb7 7. Be2 d6 8. O-O Bxc3 9. Qxc3 Nbd7 10. b3 Ne4 11. Qc2 f5 12. Bb2 O-O 13. Ne1 Qg5 14. f4 Qh6 15. Bf3 Ndf6 16. g3 g5 17. Nd3 Ng4 18. Rae1 Rae8 19. c5 Ba6 20. Re2 gxf4 21. exf4 d5 22. Rd1 Rf7 23. cxb6 cxb6 24. Qc6 Rc8 25. Qxb6 Bxd3 26. Rxd3 Nef2 27. Bxg4 Nxd3 28. Rxe6 Qg7 29. Bf3 Nxb2 30. Bxd5 Kh8 31. Re2 Rf6 32. Qb5 Rff8 33. Qb6 Nd3 34. Bc4 Nxf4 35. Re5 Ng6 36. Rxa5 Rcd8 37. Ra7 Qxd4+ 38. Qxd4+ Rxd4 39. a4 Re8 40. Kf2 Rd2+ 41. Kf1 Re3 42. h4 Rc3 43. Ke1 Rh2 44. Kd1 Rxg3 45. Re7 Rg1+ 46. Re1 Rgg2 47. Be2 Nf4 48. Bf3 Ra2 49. Re8+ Kg7 50. Rc8 Rhd2+ 51. Kc1 Nd3+ 52. Kb1 Rdb2# 0-1


[Site "https://www.chess.com"]

[Event "Titled Tuesday Blitz December 13 Early 2022"]
[White "Estrada Nieto, Julian"]
[Black "Forgacs, Attila Jr."]
[WhiteFideId "5101018"]
[BlackFideId "773654"]
[WhiteElo "2195"]
[BlackElo "2168"]
[Result "0-1"]
[Round "05"]
[TimeControl "180+1"]
[Date "2022.12.14"]
[WhiteClock "0:00:04"]
[BlackClock "0:00:41"]

1. e4 e5 2. Nf3 Nc6 3. Bb5 a6 4. Ba4 Nf6 5. O-O Be7 6. Re1 b5 7. Bb3 O-O 8. a4 b4 9. d4 d6 10. dxe5 Nxe5 11. Nbd2 Bb7 12. Qe2 a5 13. Nxe5 dxe5 14. Nc4 Bxe4 15. Nxe5 Bd6 16. Ng4 Nxg4 17. Qxg4 Bg6 18. Bg5 Qc8 19. Qxc8 Raxc8 20. Rad1 Rfe8 21. Kf1 Kf8 22. h3 f6 23. Be3 Be5 24. Bd4 Bxd4 25. Rxe8+ Bxe8 26. Rxd4 c5 27. Rh4 h6 28. Be6 Rc6 29. Re4 Rd6 30. Ke1 Bxa4 31. b3 Bc6 32. Re3 Bxg2 33. f4 Bd5 34. f5 Bxe6 35. fxe6 Ke7 36. Rg3 Rxe6+ 37. Kd1 Kf7 38. Kd2 Rd6+ 39. Ke3 g5 40. Rg1 Kg6 41. Ke4 Rd4+ 42. Ke3 Rh4 43. Rg3 f5 44. Kd3 Rd4+ 45. Ke3 f4+ 0-1


[Site "https://www.chess.com"]

[Event "Titled Tuesday Blitz December 13 Early 2022"]
[White "Fernandez De La Vara, Arnaldo"]
[Black "Jumanov, Elbek"]
[WhiteFideId "3518388"]
[BlackFideId "14202905"]
[WhiteElo "2387"]
[BlackElo "2055"]
[Result "1-0"]
[Round "05"]
[TimeControl "180+1"]
[Date "2022.12.14"]
[WhiteClock "0:01:26"]
[BlackClock "0:00:28"]

1. Nf3 Nf6 2. g3 c5 3. c4 Nc6 4. Bg2 g6 5. b3 Bg7 6. Bb2 O-O 7. O-O d5 8. cxd5 Qxd5 9. Nc3 Qd8 10. Rc1 Bd7 11. d4 cxd4 12. Nxd4 Nxd4 13. Qxd4 Qb8 14. Nd5 Nh5 15. Nxe7+ Kh8 16. Qd2 Be6 17. Nd5 Rd8 18. Rfd1 Qd6 19. Bxg7+ Nxg7 20. Qf4 Qa3 21. Nf6 Rxd1+ 22. Rxd1 Qxa2 23. Qh6 1-0


[Site "https://www.chess.com"]

[Event "Titled Tuesday Blitz December 13 Early 2022"]
[White "Fernandez Garcia, Gumersindo"]
[Black "Makhmudov, Shukhrat"]
[WhiteFideId "24516740"]
[BlackFideId "14200775"]
[WhiteElo "2140"]
[BlackElo "2135"]
[Result "1-0"]
[Round "05"]
[TimeControl "180+1"]
[Date "2022.12.14"]
[WhiteClock "0:00:18"]
[BlackClock "0:00:06"]

1. e4 e5 2. Nf3 Nc6 3. d4 exd4 4. Bc4 Nf6 5. e5 d5 6. Bb5 Ne4 7. O-O Bd7 8. Bf4 Bc5 9. Bxc6 bxc6 10. Nxd4 Bb6 11. c3 O-O 12. a4 a5 13. Nd2 c5 14. Nc2 Bf5 15. Nxe4 Bxe4 16. Ne3 c6 17. Qe2 c4 18. Rfd1 Bd3 19. Qg4 Qc8 20. Qg3 d4 21. Ng4 dxc3 22. bxc3 Re8 23. Nf6+ Kh8 24. Nxe8 Qxe8 25. Be3 Bc7 26. f4 Qe7 27. Re1 Rb8 28. Bd4 Qe6 29. Rad1 Rb2 30. Bf2 g6 31. h4 h5 32. Qg5 Qd5 33. Qf6+ Kg8 34. e6 Bb6 35. exf7+ Kh7 36. f8=Q Bxf2+ 37. Kh1 Qxg2+ 38. Kxg2 Bxe1+ 39. Kf3 Be2+ 40. Ke3 1-0


[Site "https://www.chess.com"]

[Event "Titled Tuesday Blitz December 13 Early 2022"]
[White "Fernandez Siles, Luis"]
[Black "Kaidanov, Gregory"]
[WhiteFideId "2209420"]
[BlackFideId "2008564"]
[WhiteElo "2186"]
[BlackElo "2565"]
[Result "1-0"]
[Round "05"]
[TimeControl "180+1"]
[Date "2022.12.14"]
[WhiteClock "0:00:15"]
[BlackClock "0:00:10"]

1. e4 e6 2. d4 d5 3. Nd2 c5 4. c3 cxd4 5. cxd4 Nc6 6. Ngf3 dxe4 7. Nxe4 Be7 8. Bd3 Nf6 9. Nc3 O-O 10. O-O b6 11. Re1 Bb7 12. a3 Rc8 13. Bc2 Qd6 14. Qd3 Rfd8 15. Be3 g6 16. Rad1 Na5 17. Ne5 Nd5 18. Ne4 Qc7 19. Bb1 Nxe3 20. Qxe3 Nc4 21. Nxc4 Qxc4 22. Qh6 Qd5 23. h4 Qh5 24. Qxh5 gxh5 25. g3 Rc7 26. Nc3 Rcd7 27. Re5 Rxd4 28. Rxd4 Rxd4 29. Rxh5 f5 30. Ba2 Bc8 31. Rxf5 Rd2 32. Re5 Rxb2 33. Bxe6+ Bxe6 34. Rxe6 Kf7 35. Rh6 Kg7 36. Rc6 Rc2 37. Rc7 Kf8 38. a4 Bb4 39. Nd5 Rxc7 40. Nxc7 Bc5 41. Nb5 a6 42. Nc7 a5 43. Ne6+ Ke7 44. Nxc5 bxc5 45. g4 Kd6 46. f4 Kd5 47. f5 Ke5 48. Kf2 h5 49. gxh5 Kxf5 50. Ke3 Kf6 51. Kd3 Kg7 52. Kc4 Kh6 53. Kxc5 Kxh5 54. Kb5 Kxh4 55. Kxa5 Kg5 56. Kb6 Kf6 57. a5 Ke7 58. Kb7 Kd8 59. a6 Kd7 60. a7 Kd6 61. a8=Q Kc5 62. Qc8+ 1-0


[Site "https://www.chess.com"]

[Event "Titled Tuesday Blitz December 13 Early 2022"]
[White "Fier, Alexandr"]
[Black "Bluebaum, Matthias"]
[WhiteFideId "2107139"]
[BlackFideId "24651516"]
[WhiteElo "2612"]
[BlackElo "2634"]
[Result "1-0"]
[Round "05"]
[TimeControl "180+1"]
[Date "2022.12.13"]
[WhiteClock "0:01:42"]
[BlackClock "0:00:05"]

1. d4 d5 2. c4 e6 3. Nc3 Bb4 4. a3 Bxc3+ 5. bxc3 Nf6 6. e3 c6 7. cxd5 cxd5 8. c4 O-O 9. cxd5 Qxd5 10. Nf3 b6 11. Be2 Ba6 12. O-O Bxe2 13. Qxe2 Nc6 14. a4 Rac8 15. Ba3 Rfd8 16. Rfc1 Na5 17. Be7 Re8 18. Bxf6 gxf6 19. Nd2 Kg7 20. h3 Red8 21. Qa6 Qb7 22. Qb5 e5 23. Nf3 Rd5 24. Qb2 e4 25. Nd2 f5 26. Rxc8 Qxc8 27. Rc1 Qd7 28. Qa3 h5 29. Nb1 Rd6 30. Nc3 Rg6 31. Ne2 h4 32. Nf4 Rc6 33. d5 Rxc1+ 34. Qxc1 Qxa4 35. Qc3+ Kf8 36. Qf6 Ke8 37. Qxf5 Qc4 38. Qf6 Nb7 39. d6 Kd7 40. Qe7+ Kc8 41. d7+ Kb8 42. Qe8+ Kc7 43. Qc8+ Kd6 44. Qxc4 Nc5 1-0


[Site "https://www.chess.com"]

[Event "Titled Tuesday Blitz December 13 Early 2022"]
[White "Firouzja, Alireza"]
[Black "Sjugirov, Sanan"]
[WhiteFideId "12573981"]
[BlackFideId "4189302"]
[WhiteElo "2904"]
[BlackElo "2613"]
[Result "1-0"]
[Round "05"]
[TimeControl "180+1"]
[Date "2022.12.13"]
[WhiteClock "0:00:35"]
[BlackClock "0:00:02"]

1. d4 Nf6 2. c4 e6 3. a3 d5 4. cxd5 exd5 5. Nc3 c6 6. Bg5 Be7 7. e3 Bf5 8. Nge2 Nbd7 9. Ng3 Bg6 10. Bd3 Bxd3 11. Qxd3 g6 12. f3 Nf8 13. O-O-O Ne6 14. Bh6 Qd7 15. Kb1 O-O-O 16. Nge2 Kb8 17. e4 Ka8 18. e5 Ng8 19. Be3 f6 20. f4 Nh6 21. h3 f5 22. Nc1 Rdf8 23. Nb3 Nf7 24. g4 Ng7 25. Rhg1 Nd8 26. Rc1 Nde6 27. Ne2 Rhg8 28. Bd2 h5 29. gxh5 Nxh5 30. Rg2 Qe8 31. Rcg1 Qf7 32. Qf3 Rg7 33. Nbc1 Rh8 34. Nd3 Rh6 35. Ka1 Rg8 36. Qf2 Nhg7 37. Ne1 Nc7 38. Nf3 Nge6 39. h4 Nf8 40. Qe1 Nce6 41. Bb4 Rgh8 42. Bxe7 Qxe7 43. Qd2 a6 44. Nc1 Qe8 45. Nd3 Nd7 46. Qb4 Ndf8 47. Qd6 R8h7 48. Qb4 Rh8 49. Ka2 R8h7 50. Nc1 Re7 51. Qd2 Rc7 52. Nb3 Rch7 53. Rc1 Rh8 54. Na5 R8h7 55. Rf2 Rd7 56. Re2 Qd8 57. Re3 Rhh7 58. Rb3 Rdf7 59. Ng5 Nxg5 60. hxg5 Ne6 61. Nxc6 bxc6 62. Rxc6 Nc7 63. Qa5 Qc8 64. Rbb6 Rd7 65. Rxa6+ Nxa6 66. Rxc8+ Ka7 67. Rc6 1-0


[Site "https://www.chess.com"]

[Event "Titled Tuesday Blitz December 13 Early 2022"]
[White "Gareyev, Timur"]
[Black "Colas, Joshua"]
[WhiteFideId "14200937"]
[BlackFideId "2044447"]
[WhiteElo "2786"]
[BlackElo "2590"]
[Result "1-0"]
[Round "05"]
[TimeControl "180+1"]
[Date "2022.12.14"]
[WhiteClock "0:00:43"]
[BlackClock "0:00:45"]

1. d4 d5 2. c4 e6 3. Nc3 a6 4. cxd5 exd5 5. Nf3 Nf6 6. Bg5 Be6 7. e3 Nbd7 8. Bd3 Bd6 9. Qc2 c6 10. O-O-O h6 11. Bf4 Qe7 12. Kb1 O-O 13. h3 c5 14. Bxd6 Qxd6 15. dxc5 Qxc5 16. Nd4 Ne5 17. Bf5 Rfe8 18. Nb3 Qc7 19. Rd4 b5 20. Rhd1 Rad8 21. Bxe6 fxe6 22. e4 Nc6 23. Nxd5 exd5 24. exd5 Qh2 25. dxc6 Rxd4 26. Nxd4 Qxg2 27. c7 Qxh3 28. Nf5 1-0


[Site "https://www.chess.com"]

[Event "Titled Tuesday Blitz December 13 Early 2022"]
[White "Ghosh, Chanchal Kumer"]
[Black "Bogaudinov, Rushan"]
[WhiteFideId "10201858"]
[BlackFideId "4129288"]
[WhiteElo "2058"]
[BlackElo "2028"]
[Result "1-0"]
[Round "05"]
[TimeControl "180+1"]
[Date "2022.12.14"]
[WhiteClock "0:00:05"]
[BlackClock "0:00:01"]

1. e4 e5 2. Nf3 Nf6 3. Nxe5 d6 4. Nf3 Nxe4 5. Qe2 Qe7 6. d3 Nf6 7. Be3 Nc6 8. Nc3 Bg4 9. h3 Bh5 10. g4 Bg6 11. g5 Nd7 12. Nd5 Qd8 13. Nxc7+ Qxc7 14. Bb6+ Kd8 15. Bxc7+ Kxc7 16. O-O-O Be7 17. Bg2 Rhe8 18. Qd2 Nc5 19. Rde1 a5 20. h4 a4 21. a3 Ra6 22. Qc3 f6 23. Re3 Rf8 24. Rhe1 Bd8 25. d4 Nd7 26. d5 fxg5 27. Nd4 Bf6 28. dxc6 bxc6 29. Kb1 Nc5 30. hxg5 Bxg5 31. Re7+ Kd8 32. Nxc6+ Rxc6 33. Bxc6 Bxe7 34. Qxg7 Rf7 35. Qc3 Bf6 36. Qa5+ Rc7 37. Bd5 Nb7 38. Qb6 Bxc2+ 39. Ka1 Nc5 40. Bc6 Nb3+ 41. Ka2 Be7 42. Rg1 Bg6 43. Rd1 Nc5 44. Qa5 Bf7+ 45. Kb1 Bg6+ 46. Ka2 Bf7+ 47. Bd5 Bxd5+ 48. Rxd5 1-0


[Site "https://www.chess.com"]

[Event "Titled Tuesday Blitz December 13 Early 2022"]
[White "Goldin, Roman"]
[Black "Perera Alfonso, Rene Humberto"]
[WhiteFideId "2803860"]
[BlackFideId "3514722"]
[WhiteElo "2312"]
[BlackElo "2313"]
[Result "1-0"]
[Round "05"]
[TimeControl "180+1"]
[Date "2022.12.14"]
[WhiteClock "0:00:31"]
[BlackClock "0:01:45"]

1. e4 c5 2. Nf3 d6 3. Bc4 Nc6 4. O-O Nf6 5. d3 g6 6. a3 Bg7 7. Nc3 O-O 8. Ba2 Rb8 9. Ng5 h6 10. Nh3 Bxh3 11. gxh3 Qd7 12. Kg2 b5 13. f4 a5 14. f5 g5 15. Nd5 Nxd5 16. Bxd5 e6 17. Bxc6 Qxc6 18. f6 Bh8 19. h4 d5 20. Qh5 dxe4 21. Qxh6 e3+ 22. Kh3 Qd5 23. Bxe3 Rb6 24. Rf2 Qe5 25. Bxg5 1-0


[Site "https://www.chess.com"]

[Event "Titled Tuesday Blitz December 13 Early 2022"]
[White "Golizadeh, Asghar"]
[Black "Fabris, Alberto"]
[WhiteFideId "12505269"]
[BlackFideId "801348"]
[WhiteElo "2403"]
[BlackElo "2172"]
[Result "1/2-1/2"]
[Round "05"]
[TimeControl "180+1"]
[Date "2022.12.14"]
[WhiteClock "0:00:21"]
[BlackClock "0:00:16"]

1. e4 c5 2. Nf3 d6 3. Bb5+ Nd7 4. d4 cxd4 5. Qxd4 a6 6. Bxd7+ Bxd7 7. c4 Bc6 8. Nc3 Nf6 9. a4 e6 10. O-O Be7 11. b3 O-O 12. Ba3 Qc7 13. Rfd1 Rfd8 14. Rac1 Rac8 15. Nd5 exd5 16. cxd5 Qb8 17. dxc6 bxc6 18. Qd3 Bf8 19. Qxa6 Qxb3 20. Rd3 Qe6 21. Rxc6 Rxc6 22. Qxc6 Qxe4 23. Qxe4 Nxe4 24. Nd2 Nxd2 25. Rxd2 d5 26. Bxf8 Kxf8 27. Kf1 Ra8 28. Rd4 Ke7 29. Ke2 Ke6 30. Kd3 Rb8 31. a5 Rb3+ 32. Kc2 Ra3 33. Rh4 h6 34. Rg4 g6 35. Rh4 h5 36. Rh3 Rxa5 37. Re3+ Kd6 38. Rf3 Ke6 39. Re3+ Kf6 40. Rf3+ Kg7 41. Kb3 Rc5 42. Kb4 Rc2 43. Kb3 Rc1 44. Kb2 Rc5 45. Kb3 f5 46. h4 Kf6 47. Re3 Rc4 48. g3 Re4 49. Rd3 Ke5 50. f4+ Kd6 51. Kc3 Kc5 52. Kc2 d4 53. Ra3 Re2+ 54. Kd1 Rg2 55. Ke1 Kd5 56. Kf1 Rb2 57. Ra6 Ke4 58. Rxg6 Kf3 59. Ke1 Rg2 60. Rg5 Rxg3 61. Rxf5 Rh3 62. Rxh5 Kxf4 63. Kd2 Kg4 64. Rd5 Rxh4 65. Rxd4+ Kg5 66. Rd3 Rg4 67. Kc3 Kf5 68. Rd5+ Ke6 69. Rd4 Rxd4 70. Kxd4 1/2-1/2


[Site "https://www.chess.com"]

[Event "Titled Tuesday Blitz December 13 Early 2022"]
[White "Goroshkov, Maksym"]
[Black "Urbina Perez, Juan Antonio"]
[WhiteFideId "14142716"]
[BlackFideId "2217368"]
[WhiteElo "2258"]
[BlackElo "2197"]
[Result "1-0"]
[Round "05"]
[TimeControl "180+1"]
[Date "2022.12.14"]
[WhiteClock "0:01:07"]
[BlackClock "0:00:56"]

1. e4 e5 2. d4 exd4 3. c3 d5 4. exd5 Nf6 5. cxd4 Nxd5 6. Nc3 Bb4 7. Bd2 O-O 8. Nf3 Nc6 9. Be2 h6 10. O-O Be6 11. a3 Be7 12. Ne4 Rb8 13. b4 Nf6 14. Nc5 Nxd4 15. Nxd4 Qxd4 16. Nxe6 fxe6 17. Qc2 Nd5 18. Rad1 Qh4 19. Bf3 Bd6 20. g3 Qh3 21. Bg2 Qf5 22. Qb3 c6 23. Be3 a6 24. Bd4 Rbe8 25. f4 Qg6 26. Rfe1 Bxf4 27. gxf4 Nxf4 28. Qg3 Qh5 29. Be5 Rf5 30. Bxf4 Ref8 31. Rd7 g5 32. Be5 1-0


[Site "https://www.chess.com"]

[Event "Titled Tuesday Blitz December 13 Early 2022"]
[White "Guliev, Logman"]
[Black "Mendez Fortes, Eduardo Jesus"]
[WhiteFideId "13400061"]
[BlackFideId "3502376"]
[WhiteElo "2161"]
[BlackElo "2307"]
[Result "1-0"]
[Round "05"]
[TimeControl "180+1"]
[Date "2022.12.14"]
[WhiteClock "0:00:18"]
[BlackClock "0:00:15"]

1. e4 e5 2. Nf3 Nc6 3. Bb5 Nf6 4. d3 Bc5 5. O-O d6 6. Nbd2 O-O 7. Bxc6 bxc6 8. Nc4 Re8 9. Be3 Bb6 10. h3 c5 11. Bg5 h6 12. Bxf6 Qxf6 13. Nfd2 c6 14. Nxb6 axb6 15. Nc4 Rb8 16. a4 d5 17. Ne3 d4 18. Nc4 b5 19. Nd2 bxa4 20. Nc4 Qg5 21. Qf3 Be6 22. Rxa4 f5 23. exf5 Bd5 24. Qg4 Qf6 25. Re1 Re7 26. b3 Rf8 27. Ra5 Bxc4 28. bxc4 Qd6 29. Qe4 Ree8 30. Ra6 Rf6 31. f4 Qf8 32. fxe5 Rxf5 33. e6 Qf6 34. Rxc6 Rf2 35. e7 Qf7 36. Qd5 Rxc2 37. Rc7 Rd2 38. Rf1 Qxd5 39. cxd5 Rxd3 40. d6 Re3 41. d7 R3xe7 42. dxe8=Q+ Rxe8 43. Rff7 Rd8 44. Rxg7+ Kh8 45. Rh7+ Kg8 46. Rhd7 Ra8 47. Rxc5 Kf8 48. Rcc7 Ke8 49. Kh2 Ra2 50. Rh7 Kd8 51. Rcg7 Re2 52. Rd7+ Ke8 53. Rxd4 Kf8 54. Ra4 Kg8 55. Rc7 Re8 56. Raa7 Rb8 57. Rg7+ Kh8 58. Rh7+ Kg8 59. Rag7+ Kf8 60. Rh8+ Kxg7 61. Rxb8 1-0


[Site "https://www.chess.com"]

[Event "Titled Tuesday Blitz December 13 Early 2022"]
[White "Hamley, Ryan"]
[Black "Zemlyanskii, Ivan"]
[WhiteFideId "30959497"]
[BlackFideId "24249971"]
[WhiteElo "2605"]
[BlackElo "2107"]
[Result "1-0"]
[Round "05"]
[TimeControl "180+1"]
[Date "2022.12.14"]
[WhiteClock "0:00:09"]
[BlackClock "0:00:03"]

1. e4 c5 2. Nf3 d6 3. Bb5+ Nd7 4. O-O a6 5. Bd3 Ngf6 6. c3 b5 7. Bc2 Bb7 8. Re1 e6 9. d4 Be7 10. Nbd2 Qc7 11. Nf1 O-O-O 12. a4 b4 13. cxb4 cxb4 14. a5 Kb8 15. Bd3 Rc8 16. Bf4 h6 17. Qe2 g5 18. Rec1 Qd8 19. Bd2 g4 20. Ne1 d5 21. e5 Ne4 22. Bxa6 Rxc1 23. Bxc1 Qc8 24. Bb5 Ka7 25. Be3 f5 26. exf6 Ndxf6 27. Nd3 Bd6 28. Ne5 Rf8 29. Rc1 Qd8 30. a6 Ba8 31. Nd2 Nxd2 32. Qxd2 Ne4 33. Qc2 Qb6 34. Bd3 Rf5 35. Nd7 Qd8 36. Bxe4 Qxd7 37. Bxf5 exf5 38. Qc8 Qe7 39. g3 f4 40. Bxf4 Bxf4 41. gxf4 Qe4 42. Qc5+ Kxa6 43. Ra1+ Kb7 44. Ra7+ Kb8 45. Qc7# 1-0


[Site "https://www.chess.com"]

[Event "Titled Tuesday Blitz December 13 Early 2022"]
[White "Harsh Suresh"]
[Black "Manukian, Artak"]
[WhiteFideId "45018464"]
[BlackFideId "13301373"]
[WhiteElo "2754"]
[BlackElo "2551"]
[Result "1-0"]
[Round "05"]
[TimeControl "180+1"]
[Date "2022.12.14"]
[WhiteClock "0:00:56"]
[BlackClock "0:01:42"]

1. Nf3 g6 2. c4 Bg7 3. Nc3 c5 4. g3 Nc6 5. Bg2 e5 6. O-O h6 7. d3 f5 8. Nh4 Nge7 9. e4 O-O 10. exf5 gxf5 11. f4 d6 12. fxe5 dxe5 13. Be3 Nd4 14. Nd5 Nec6 15. Qh5 Qe8 16. Qxe8 Rxe8 17. Bxd4 Nxd4 18. Nc7 Be6 19. Rae1 Bf6 20. Nf3 Bf7 21. Nxd4 cxd4 22. Rxf5 Kg7 23. Ref1 1-0


[Site "https://www.chess.com"]

[Event "Titled Tuesday Blitz December 13 Early 2022"]
[White "Harshavardhan G B"]
[Black "Araujo Sanchez, Josue"]
[WhiteFideId "25059009"]
[BlackFideId "6416896"]
[WhiteElo "2757"]
[BlackElo "2557"]
[Result "0-1"]
[Round "05"]
[TimeControl "180+1"]
[Date "2022.12.14"]
[WhiteClock "0:00:14"]
[BlackClock "0:00:41"]

1. d4 Nf6 2. c4 e6 3. Nf3 d5 4. g3 dxc4 5. Bg2 Nc6 6. Qa4 Nd5 7. Qxc4 Nb6 8. Qd3 e5 9. Nxe5 Nxd4 10. Nc3 Bf5 11. Be4 Bxe4 12. Qxe4 f5 13. Qd3 g6 14. Be3 Ne6 15. Qb5+ c6 16. Qb3 Qf6 17. Nc4 Nc5 18. Bxc5 Bxc5 19. Nxb6 axb6 20. Na4 Qf7 21. Nxc5 bxc5 22. Qe3+ Qe7 23. Qb3 Qf7 24. Qe3+ Qe7 25. Qxe7+ Kxe7 26. e3 Rhd8 27. Ke2 c4 28. h4 b5 29. h5 g5 30. a3 Rd3 31. Rhd1 Rad8 32. Rxd3 Rxd3 33. Rc1 g4 34. Rc3 Rxc3 35. bxc3 Ke6 36. f3 Ke5 37. Kf2 c5 38. Ke2 gxf3+ 39. Kxf3 h6 40. Kf2 Kf6 41. Kf3 Kg5 42. e4 fxe4+ 43. Kxe4 Kxh5 44. Kd5 Kg4 45. Kxc5 Kxg3 46. Kxb5 h5 47. a4 h4 48. Kxc4 h3 49. Kb5 h2 50. c4 h1=Q 51. c5 Qb7+ 52. Kc4 Kf4 53. a5 Ke5 0-1


[Site "https://www.chess.com"]

[Event "Titled Tuesday Blitz December 13 Early 2022"]
[White "Hirneise, Jens"]
[Black "Kuderinov, Kirill"]
[WhiteFideId "24614734"]
[BlackFideId "13701568"]
[WhiteElo "2345"]
[BlackElo "2459"]
[Result "1-0"]
[Round "05"]
[TimeControl "180+1"]
[Date "2022.12.14"]
[WhiteClock "0:00:10"]
[BlackClock "0:00:01"]

1. Nf3 Nf6 2. d4 e6 3. c4 Bb4+ 4. Nbd2 O-O 5. e3 d5 6. Qc2 b6 7. a3 Be7 8. Bd3 Bb7 9. O-O Nbd7 10. b3 c5 11. Bb2 Rc8 12. Rac1 Bd6 13. Qb1 Qe7 14. dxc5 Nxc5 15. Bxf6 gxf6 16. b4 Nxd3 17. Qxd3 dxc4 18. Rxc4 Rxc4 19. Qxc4 Rc8 20. Qh4 f5 21. Qh6 f6 22. Rd1 Kh8 23. Nf1 Bb8 24. Ng3 Rg8 25. Nh4 Qf7 26. Nh5 Be5 27. f4 Bb2 28. Rd2 Bc3 29. Rd3 Ba1 30. Rd1 Bc3 31. Rd3 Bxg2 32. Nxg2 Qb7 33. Ng3 Bb2 34. Rd2 Ba1 35. Rd1 Bc3 36. Qh5 Qc7 37. Qe2 e5 38. Rc1 exf4 39. Nxf4 Rc8 40. Qd3 Qe5 41. Ngh5 Rg8+ 42. Ng3 Bb2 43. Qc2 Bxc1 44. Qxc1 Rd8 45. Qe1 Re8 46. Qf2 Rd8 47. Nge2 Qa1+ 48. Kg2 Qe5 49. Qf3 Rg8+ 50. Ng3 Qb2+ 51. Kh3 Qe5 52. Nfh5 Rg5 53. Nf4 Rg8 54. Qc6 Re8 55. Qd7 Qe7 56. Qxf5 Rf8 57. Nfh5 Qxe3 58. Nxf6 Qh6+ 59. Ngh5 Qg6 60. Qe5 Qd3+ 61. Kh4 1-0


[Site "https://www.chess.com"]